 Dungeon Crawl Stone Soup version 0.19-a0-1889-g9c603be (webtiles) character file.

816 LORDOFBUTT the Chopper (level 7, -2/60 HPs)
             Began as a Minotaur Fighter on Oct 18, 2016.
             Killed by divine providence
             ... invoked by an orc priest
              (11 damage)
             ... on level 6 of the Dungeon.
             The game lasted 00:04:00 (3662 turns).

LORDOFBUTT the Chopper (Minotaur Fighter)           Turns: 3662, Time: 00:04:01

Health: -2/60      AC:  6    Str: 21    XL:     7   Next: 62%
Magic:  7/7        EV:  7    Int:  5    God:
Gold:   310        SH:  9    Dex: 11    Spells: 0 memorised, 6 levels left

rFire  + . .     SeeInvis .     a - +0 war axe
rCold  . . .     Gourm    .     b - +0 scale mail
rNeg   . . .     Faith    .     c - +0 shield
rPois  .         Spirit   .     (helmet restricted)
rElec  .         Reflect  .     (no cloak)
rCorr  .         Harm     .     (no gloves)
MR     .....                    (no boots)
Stlth  ..........               (no amulet)
                                s - ring of protection from fire
                                n - ring of flight

@: heavily drained
A: retaliatory headbutt, horns 2
a: Evoke Flight


You were on level 6 of the Dungeon.
You were full.

You visited 1 branch of the dungeon, and saw 6 of its levels.

You collected 310 gold pieces.

Inventory:

Hand Weapons
 a - a +0 war axe (weapon)
Armour
 b - a +0 scale mail (worn)
 c - a +0 shield (worn)
Jewellery
 n - a ring of flight (left hand)
 s - a ring of protection from fire (right hand)
Wands
 d - a wand of flame (11/48)
 v - a wand of random effects (26/48)
Scrolls
 e - 3 scrolls of teleportation
 h - 2 scrolls of fog {unknown}
 j - a scroll of noise {unknown}
 m - a scroll of recharging {unknown}
 o - a scroll of identify
 q - a scroll of amnesia {unknown}
Potions
 i - 2 potions of degeneration
 k - 3 potions of agility
 r - 4 potions of flight
 t - 3 potions of curing
 u - a potion of brilliance
 w - a potion of berserk rage {unknown}
 x - a potion of mutation {unknown}
 z - a potion of magic {unknown}
Books
 p - a book of Cantrips

   Spells                             Type                      Level
   a - Confusing Touch                Hexes                        1
   b - Animate Skeleton               Necromancy                   1
   c - Summon Small Mammal            Summoning                    1
   d - Apportation                    Translocation                1
Comestibles
 f - 4 bread rations
 g - 2 meat rations


   Skills:
 + Level 4.8(2.5) Fighting
 + Level 6.1(3.7) Axes
 + Level 6.0(3.6) Armour
 + Level 1.9(0.0) Dodging
 + Level 0.6(0.0) Stealth
 + Level 5.7(3.3) Shields
 * Level 2.1(0.0) Evocations


You had 6 spell levels left.
You didn't know any spells.

Dungeon Overview and Level Annotations

Branches:
Dungeon (6/15)
 Temple: D:4-7

Altars:
Okawaru
Sif Muna

Annotations:
D:5 1 runed door, Prince Ribbit


Innate Abilities, Weirdness & Mutations

You reflexively headbutt those who attack you in melee.
You have a pair of horns on your head.


Message History

An orc warrior is nearby!
An orc warrior is nearby! 2 orcs and 2 orc priests come into view.
The orc priest shouts! x2; The orc shouts!
The orc priest moves out of view.
The orc priest invokes the aid of Beogh against you.
Pain shoots through your body!
The orc moves out of view.
The orc throws a tomahawk.
The tomahawk completely misses you.
You see here a tomahawk.
A quokka skeleton comes into view.
The orc priest invokes the aid of Beogh against you.
Beogh smites you!
* * * LOW HITPOINT WARNING * * *
A phantom comes into view.
The phantom blinks!
The orc priest looks satisfied for a moment.
Found 10 gold pieces.
The orc priest invokes the aid of Beogh against you.
Beogh smites you!
You die...

...## #..# ...###..
##..#..# # ##......# .
#. #..#.#..## ...
####.##.##.....#####..#.
........####.#..........
......W.####.##.(..###
#...@o.o.o...##...#
#####.....o.$.....#
#.......######....
#.####..Z.. o## #.
#...### .o . #..## # .$
#.## .. ##


You could see a phantom, an orc warrior, 2 orc priests, an orc and a quokka
skeleton.

Vanquished Creatures
  2 sky beasts
  2 crimson imps (D:5)
  An orc priest (D:4)
  A centaur skeleton (D:4)
  Crazy Yiuf (D:3)
  An iguana (D:4)
  Natasha (thrice) (D:3)
  Terence (D:3)
  2 orc wizards
  2 worker ants (D:4)
  A hound skeleton (D:4)
  4 gnolls (D:5)
  11 adders
  An ooze (D:4)
  2 adder zombies (D:5)
  4 worms
  5 dart slugs
  8 orcs
  3 bats
  6 giant cockroaches
  4 goblins
  8 hobgoblins
  A quokka (D:3)
  2 ball pythons
  8 frilled lizards
  A jackal zombie (D:3)
  6 kobolds
  A quokka skeleton (D:4)
  7 rats
99 creatures vanquished.

Notes
Turn   | Place    | Note
-------+----------+-------------------------------------------
     0 | D:1      | LORDOFBUTT the Minotaur Fighter began the quest for the Orb.
     0 | D:1      | Reached XP level 1. HP: 19/19 MP: 0/0
   161 | D:1      | Reached XP level 2. HP: 27/27 MP: 1/1
   542 | D:2      | Reached XP level 3. HP: 33/33 MP: 2/2
   651 | D:2      | Reached XP level 4. HP: 36/40 MP: 3/3
  1226 | D:3      | Found a runed door.
  1278 | D:3      | Noticed Natasha
  1281 | D:3      | Killed Natasha
  1281 | D:3      | Reached XP level 5. HP: 46/46 MP: 4/4
  1414 | D:3      | Noticed Natasha
  1421 | D:3      | Killed Natasha
  1470 | D:3      | Noticed Terence
  1484 | D:3      | Killed Terence
  1542 | D:3      | Noticed Natasha
  1545 | D:3      | Killed Natasha
  1545 | D:3      | Reached skill level 5 in Shields
  1554 | D:3      | Reached skill level 5 in Armour
  1978 | D:3      | Noticed Crazy Yiuf
  1984 | D:3      | Killed Crazy Yiuf
  1984 | D:3      | Reached XP level 6. HP: 44/53 MP: 5/5
  2154 | D:4      | Reached skill level 1 in Dodging
  2533 | D:4      | Found a deep blue altar of Sif Muna.
  2535 | D:4      | Found an iron altar of Okawaru.
  2556 | D:4      | Reached skill level 5 in Axes
  2559 | D:4      | Reached skill level 1 in Evocations
  2971 | D:5      | Entered Level 5 of the Dungeon
  3000 | D:5      | Reached XP level 7. HP: 60/60 MP: 7/7
  3213 | D:5      | Found a runed door.
  3386 | D:5      | Noticed Prince Ribbit
  3446 | D:5      | HP: 2/60 [hound (4)]
  3662 | D:6      | Killed from afar by an orc priest

Vault maps used:
D:1:      zelgadis_glass_arrival_small
D:3:      uniq_natasha, uniq_crazy_yiuf_cottage, uniq_terence
D:4:      minitemple, first_bread, minmay_misc_feat_room,
          kennysheep_generic_room_14
D:5:      tso_oasis_becter, lightli_church_of_beogh, uniq_prince_ribbit1,
          uniq_duvessa
D:6:      minmay_misc_feat_ornament, xom_teletrap_fun

Skill      XL: |  1  2  3  4  5  6  7 |
---------------+----------------------+-----
Fighting       | 4 |  4.8
Armour         | 4 5 6 |  6.0
Shields        | 4 5 |  5.7
Axes           | 3 4 5 6 |  6.1
Dodging        | 1 |  1.9
Evocations     | 1 2 |  2.1
Stealth        | |  0.6

Action                   |  1- 3 |  4- 6 |  7- 9 || total
-------------------------+-------+-------+-------++-------
Melee: War axe           |    52 |   155 |    67 ||   274
       Headbutt          |     7 |    25 |    13 ||    45
  Use: Scroll            |       |     7 |     2 ||     9
       Potion            |       |     1 |     3 ||     4
  Eat: Meat ration       |       |     1 |     1 ||     2
       Fruit             |       |       |     4 ||     4
Armor: Scale mail        |    17 |    44 |    42 ||   103
Dodge: Dodged            |    18 |    54 |    22 ||    94
Block: Shield            |    32 |    68 |    42 ||   142
